 Dungeon Crawl Stone Soup version 0.25.1-2-g60ff931df9 (webtiles) character file.

Game seed: 36337123643268501

128 Lavandula the Shooter (level 4, 0/35 HPs)
             Began as a Centaur Arcane Marksman on Sept 29, 2020.
             Slain by a river rat (9 damage)
             ... in a sewer.
             The game lasted 00:06:23 (1529 turns).

Lavandula the Shooter (Centaur Arcane Marksman)     Turns: 1529, Time: 00:06:25

Health: 0/35       AC:  4    Str: 13    XL:     4   Next: 86%
Magic:  7/7        EV:  9    Int: 12    God:
Gold:   22         SH:  0    Dex: 10    Spells: 1/7 levels left

rFire    . . .     SeeInvis .   a - +0 shortbow
rCold    . . .     Gourm    .   (shield currently unavailable)
rNeg     . . .     Faith    .   e - +0 robe
rPois    .         Spirit   .   (no helmet)
rElec    .         Reflect  .   (no cloak)
rCorr    .         Harm     .   (no gloves)
MR       .....                  (no barding)
Stlth    ..........             (no amulet)
HPRegen  0.11/turn              q - ring of attention (curse)
MPRegen  0.10/turn              j - ring of wizardry

@: very quick
A: large, hooves 3, deformed body, speed 2, tough skin 3
a: no special abilities


You were in a sewer.
You were not hungry.

You visited 1 branch of the dungeon, and saw 3 of its levels.
You also visited: Sewer.

You collected 22 gold pieces.

Inventory:

Hand Weapons
 a - a +0 shortbow (weapon)
Missiles
 l - 6 poisoned darts (quivered)
Armour
 e - a +0 robe (worn)
 h - a +0 cloak
 k - a +0 helmet
Jewellery
 j - a ring of wizardry (right hand)
 q - a cursed ring of attention (left hand)
Potions
 i - a potion of degeneration {unknown}
 n - a potion of curing
 o - a potion of haste {unknown}
Comestibles
 b - 10 chunks of flesh
 f - 3 rations


   Skills:
 + Level 1.0 Fighting
 - Level 5.7 Bows
 - Level 1.3 Dodging
 - Level 2.2 Spellcasting
 - Level 2.7 Hexes


You had one spell level left.
You knew the following spells:

 Your Spells              Type           Power        Failure   Level  Hunger
a - Corona                Hex            #......      3%          1    ##.....
b - Inner Flame           Hex/Fire       #.......     17%         3    ####...
c - Slow                  Hex            #.......     5%          2    ###....

Your spell library contained the following spells:

 Spells                   Type           Power        Failure   Level  Hunger
 Portal Projectile        Hex/Tloc       #.....       17%         3    ####...
 Cause Fear               Hex            #.........   32%         4    #####..
 Leda's Liquefaction      Hex/Erth       #.........   50%         4    #####..


Dungeon Overview and Level Annotations

Branches:
Dungeon (3/15)              Sewer (1/1)

Altars:


Innate Abilities, Weirdness & Mutations

You have hooves in place of feet.
Armour fits poorly on your strangely shaped body.
You cover ground very quickly.
You have extremely tough skin. (AC +3)


Message History

Throwing (i - inventory)
l - 8 poisoned darts (quivered)
Press: ? - help, Shift-Dir - straight line, f - giant cockroach, p - river rat
Aim: a giant cockroach You throw a poisoned dart.
The poisoned dart hits the giant cockroach.
The giant cockroach is poisoned.
The giant cockroach bites you but does no damage.
The river rat bites you!
* * * LOW HITPOINT WARNING * * *
The giant cockroach closely misses you.
Throwing (i - inventory)
l - 7 poisoned darts (quivered)
Press: ? - help, Shift-Dir - straight line, f/p - giant cockroach
Aim: a giant cockroach (moderately wounded, poisoned)
You throw a poisoned dart.
The poisoned dart hits the giant cockroach.
The giant cockroach looks even sicker.
The giant cockroach is moderately wounded.
The giant cockroach bites you but does no damage.
The river rat bites you!
You die...

#######
#(r@sr#
#..###r.#
#. ≈≈# #.
≈≈.. #
#####


You could see 2 river rats, a giant cockroach (very poisoned) and a rat.

Vanquished Creatures
  An orc priest (D:3)
  5 adders
  2 dart slugs (D:1)
  2 leopard geckos
  3 orcs (D:3)
  5 bats
  A giant cockroach (Sewer)
  3 goblins
  5 hobgoblins
  3 jackals
  4 ball pythons
  2 frilled lizards
  2 kobolds
  12 rats
50 creatures vanquished.

Notes
Turn   | Place    | Note
-------+----------+-------------------------------------------
     0 | D:1      | Lavandula the Centaur Arcane Marksman began the quest for
                  | the Orb.
     0 | D:1      | Reached XP level 1. HP: 16/16 MP: 2/2
    45 | D:1      | Reached skill level 3 in Bows
   195 | D:2      | Reached XP level 2. HP: 23/23 MP: 1/3
   462 | D:1      | Reached skill level 4 in Bows
   621 | D:2      | Reached XP level 3. HP: 18/28 MP: 2/4
   806 | D:2      | Learned a level 3 spell: Inner Flame
   850 | D:2      | Reached skill level 5 in Bows
  1228 | D:3      | Reached XP level 4. HP: 28/35 MP: 4/6
  1270 | D:3      | Learned a level 2 spell: Slow
  1325 | D:3      | Found a glowing drain.
  1337 | Sewer    | Entered a sewer
  1529 | Sewer    | Slain by a river rat

Illustrated notes

Levels and vault maps discovered:
D:1:      erik_arrival_orb_chamber, layout_basic
D:2:      layout_loops_ring, minmay_indecisive_spiral
D:3:      layout_loops_ring, portal_sewer_entry_d, uniq_sigmund, uniq_grinder,
          uniq_crazy_yiuf_cottage
Sewer:    sewer_sea

Skill      XL: |  1  2  3  4 |
---------------+-------------+-----
Bows           | 3 4 5 |  5.7
Spellcasting   | 2 |  2.2
Fighting       | |  1.0
Dodging        | |  1.3
Hexes          | |  2.7

Action                   |  1- 3 |  4- 6 || total
-------------------------+-------+-------++-------
 Fire: Shortbow          |   111 |    71 ||   182
Throw: Dart              |       |     4 ||     4
 Cast: Corona            |    20 |     4 ||    24
       Inner Flame       |       |     1 ||     1
  Use: Scroll            |     3 |     1 ||     4
       Potion            |       |     4 ||     4
  Eat: Chunk             |     1 |     1 ||     2
Armor: Robe              |    60 |    23 ||    83
Dodge: Dodged            |    57 |    36 ||    93
